 Dungeon Crawl Stone Soup version 0.21-a0-352-g5b8f553 (webtiles) character file.

68798 grizmgrazm2 the Imperceptible (level 14, -2/96 HPs)
             Began as a Vampire Enchanter on Oct 9, 2017.
             Was a High Priest of Ashenzari.
             Slain by a warg (5 damage)
             ... on level 2 of the Orcish Mines on Oct 11, 2017.
             The game lasted 01:41:35 (30949 turns).

grizmgrazm2 the Imperceptible (Vampire Enchanter)  Turns: 30949, Time: 01:41:36

Health: -2/96      AC: 13    Str: 11    XL:     14   Next: 88%
Magic:  29/29      EV: 19    Int: 22    God:    Ashenzari [*****.]
Gold:   1571       SH:  4    Dex: 18    Spells: 2/36 levels left

rFire    . . .     SeeInvis +   r - +1 dagger (elec) (curse)
rCold    + + .     Gourm    .   F - +0 buckler (curse)
rNeg     + + +     Faith    +   k - +2 steam dragon scales (curse)
rPois    ∞         Spirit   .   P - +0 helmet (curse)
rElec    .         Reflect  .   K - +2 cloak {MR+} (curse)
rCorr    .         Harm     .   p - +0 pair of gloves (curse)
MR       ++...     Clarity  +   w - +0 pair of boots (curse)
Stlth    ++++++++++             C - amulet of faith (curse)
HPRegen  0.00/turn              D - +3 ring of dexterity (curse)
MPRegen  0.21/turn              z - +4 ring of strength (curse)

@: bloodless, non-regenerating
A: fangs 3, see invisible, unbreathing
a: Bat Form, Curse Item, Scrying, Transfer Knowledge, Renounce Religion


You were on level 2 of the Orcish Mines.
You worshipped Ashenzari.
Ashenzari was extremely pleased with you.
You were bloodless.

You visited 4 branches of the dungeon, and saw 24 of its levels.
You also visited: Bailey.

You collected 1905 gold pieces.
You spent 334 gold pieces at shops.

Inventory:

Hand Weapons
 r - a cursed +1 dagger of electrocution (weapon)
Armour
 k - cursed +2 steam dragon scales (worn)
 p - a cursed +0 pair of gloves (worn)
 w - a cursed +0 pair of boots (worn)
 F - a cursed +0 buckler (worn)
 K - a cursed +2 cloak of magic resistance (worn)
 P - a cursed +0 helmet (worn)
Jewellery
 e - an uncursed amulet of magic regeneration
 z - a cursed +4 ring of strength (right hand)
 B - an uncursed ring of stealth
 C - a cursed amulet of faith (around neck)
 D - a cursed +3 ring of dexterity (left hand)
Wands
 v - a wand of paralysis (10/24)
 x - a wand of iceblast (6/15)
Scrolls
 b - 3 scrolls of amnesia
 g - 6 scrolls of teleportation
 m - a scroll of silence
 y - a scroll of identify
 E - a scroll of remove curse
 T - 2 scrolls of recharging
Potions
 a - a potion of heal wounds
 f - 4 potions of haste
 i - 5 potions of blood
 n - a potion of cancellation
 o - 3 potions of ambrosia
 s - a potion of might
 t - a potion of agility
 u - 5 potions of brilliance
 H - 4 potions of flight
Books
 c - a book of Maledictions

   Spells                             Type                      Level
   a - Corona                         Hexes                        1
   b - Ensorcelled Hibernation        Hexes/Ice                    2
   c - Confuse                        Hexes                        3
   d - Tukima's Dance                 Hexes                        3
   e - Dazzling Spray                 Conjuration/Hexes            3
 d - a book of Clouds

   Spells                             Type                      Level
   a - Poisonous Vapours              Poison/Air                   2
   b - Mephitic Cloud                 Conjuration/Poison/Air       3
   c - Conjure Flame                  Conjuration/Fire             3
   d - Freezing Cloud                 Conjuration/Ice/Air          6
   e - Ring of Flames                 Charms/Fire                  7
 h - a book of Unlife

   Spells                             Type                      Level
   a - Recall                         Summoning/Translocation      3
   b - Animate Dead                   Necromancy                   4
   c - Control Undead                 Necromancy                   4
   d - Cigotuvi's Embrace             Necromancy                   5
   e - Death Channel                  Necromancy                   6
   f - Simulacrum                     Ice/Necromancy               6
 j - a Young Poisoner's Handbook

   Spells                             Type                      Level
   a - Sting                          Conjuration/Poison           1
   b - Poisonous Vapours              Poison/Air                   2
   c - Mephitic Cloud                 Conjuration/Poison/Air       3
   d - Olgreb's Toxic Radiance        Poison                       4
   e - Venom Bolt                     Conjuration/Poison           5
 l - a book of Air

   Spells                             Type                      Level
   a - Shock                          Conjuration/Air              1
   b - Swiftness                      Charms/Air                   2
   c - Static Discharge               Conjuration/Air              3
   d - Airstrike                      Air                          4
   e - Lightning Bolt                 Conjuration/Air              5
 q - a book of Misfortune

   Spells                             Type                      Level
   a - Confusing Touch                Hexes                        1
   b - Confuse                        Hexes                        3
   c - Gell's Gravitas                Translocation                3
   d - Petrify                        Transmutation/Earth          4
   e - Metabolic Englaciation         Hexes/Ice                    5
   f - Yara's Violent Unravelling     Hexes/Transmutation          5
 A - a book of Necromancy

   Spells                             Type                      Level
   a - Pain                           Necromancy                   1
   b - Animate Skeleton               Necromancy                   1
   c - Vampiric Draining              Necromancy                   3
   d - Regeneration                   Charms/Necromancy            3
   e - Animate Dead                   Necromancy                   4
   f - Control Undead                 Necromancy                   4


   Skills:
 + Level 4.5 Fighting
 + Level 7.8(11.8) Short Blades
 + Level 6.1(10.2) Dodging
 + Level 21.6(24.5) Stealth
 + Level 11.9 Spellcasting
 + Level 16.5(19.9) Hexes
 + Level 3.3(6.8) Necromancy
 + Level 7.9(11.9) Ice Magic


You had 2 spell levels left.
You knew the following spells:

 Your Spells              Type           Power        Failure   Level  Hunger
a - Ensorcelled Hibernat  Hex/Ice        ######       0%          2    None
b - Confuse               Hex            #######.     0%          3    None
c - Tukima's Dance        Hex            #######.     0%          3    None
d - Metabolic Englaciati  Hex/Ice        ######....   1%          5    ####...
e - Petrify               Tmut/Erth      ###.....     52%         4    None
f - Yara's Violent Unrav  Hex/Tmut       ######....   3%          5    ####...
g - Corona                Hex            #######      0%          1    None
h - Animate Dead          Necr           N/A          4%          4    None
i - Control Undead        Necr           #####.....   4%          4    None
j - Recall                Summ/Tloc      N/A          19%         3    None


Dungeon Overview and Level Annotations

Branches:
Dungeon (15/15)            Temple (1/1) D:7            Lair (6/6) D:10
  Swamp (0/4) Lair:4       Spider (0/4) Lair:2        Slime (0/5) Lair:5
    Orc (2/2) D:12            Elf (0/3) Orc:2        Vaults (0/5) D:13
 Depths (0/5) D:15

Altars:
Ashenzari
Cheibriados
Elyvilon
Fedhas
Gozag
Hepliaklqana
Kikubaaqudgha
Nemelex Xobeh
Qazlal
Ru
Sif Muna
Trog
Uskayaw
Vehumet
Wu Jian
Zin
The Shining One

Shops:
D:6 ?   Orc:1 }?

Annotations:
Lair:3 exclusion: oklob plant
Orc:2 kal9871's ghost, journeyman MiMo


Innate Abilities, Weirdness & Mutations

You do not heal naturally.
You are immune to poison.
You have razor-sharp teeth.
You have supernaturally acute eyesight. (SInv)
You can survive without breathing.


Message History

You climb downwards.
Level annotation: kal9871's ghost, journeyman MiMo The orc warrior shouts!
The orc warrior barely misses you. Kal9871's ghost hits you!!
The orc wizard mumbles some strange words.
The orc wizard blinks!
The orc warrior hits you from afar with a halberd!!
The orc completely misses you. The warg closely misses you.
The orc warrior completely misses you. Kal9871's ghost closely misses you.
The orc warrior hits you with a battleaxe!!
There is a stone staircase leading up here.
The warg bites you!
* * * LOW HITPOINT WARNING * * *
The orc hits you from afar with a trident.
* * * LOW HITPOINT WARNING * * *
The orc warrior hits you from afar with a halberd!!
* * * LOW HITPOINT WARNING * * *
Kal9871's ghost hits you but does no damage.
The warg bites you.
You die...

###, , * ,* ##.... , * *
** #..... ,, * ,, * *
*#......### ** * , ,, ,
##....##.###, ,,. ** * *
..*##.#...<....## ... , ,
, ..##...#........#(... ,
* *, ..........o..o.....#*
,, * ,#........o.@W.#....
,,* *
####..§....oh#oo..... ,,,
* ##.#.#.......oooo..... ,
,, *
.##................#.... ,
.#................#.....,,
,,
........................,
,,,,,
........................ ,
, ##...#..######..###o##
** ** * #...o.(#{{{{#..#
.# * *


You could see a warg, 3 orc warriors, an orc priest, 2 orc wizards, kal9871's
ghost and 4 orcs.

Vanquished Creatures
  A frost giant (D:15)
  2 entropy weavers (Lair:4)
  Snorg (Lair:5)
  A rakshasa (D:14)
  2 vault guards (D:13)
  3 hydras
  A catoblepas (D:15)
  A queen ant (Lair:4)
  2 centaur warriors (D:15)
  The ghost of zero the Cleaver, a journeyman GrBe of Trog (Lair:1)
  5 two-headed ogres
  2 tengu warriors
  4 unseen horrors
  5 skeletal warriors
  3 wizards
  A phantasmal warrior (D:15)
  An orb spider (shapeshifter) (D:14)
  3 orc knights
  A necromancer (D:12)
  A cyclops (D:13)
  2 wolf spiders (D:15)
  2 deep elf magi
  2 ugly things (D:12)
  A salamander (shapeshifter) (D:15)
  A manticore (D:14)
  4 elephants (Lair:4)
  Maurice (D:8)
  Psyche (D:11)
  2 black mambas
  4 gargoyles
  8 spiny frogs
  A yaktaur (D:13)
  5 komodo dragons
  A tengu conjurer (D:15)
  An efreet (D:14)
  A merfolk (D:15)
  A hornet (D:8)
  6 trolls
  3 jumping spiders (Lair:2)
  4 blink frogs (Lair:3)
  12 hippogriffs
  2 slime creatures (D:15)
  A redback (Lair:2)
  A spriggan (D:14)
  A wraith (D:11)
  3 wyverns
  A shadow (D:14)
  26 yaks
  A steam dragon (D:12)
  16 humans
  2 vampire mosquitoes (D:13)
  2 hungry ghosts
  19 soldier ants (Lair:4)
  6 swamp worms (Lair:4)
  4 wargs
  8 water moccasins
  6 porcupines
  2 sky beasts
  5 ice beasts
  22 orc warriors
  2 phantoms
  2 black bears
  A necrophage (D:14)
  13 ogres
  10 wolves
  31 centaurs
  3 crocodiles
  2 big kobolds
  2 wyvern zombies
  15 bullfrogs
  A wyvern skeleton (D:12)
  4 scorpions
  2 killer bees (D:8)
  4 wights (D:15)
  4 howler monkeys
  An electric eel (D:10)
  9 crimson imps
  A bullfrog zombie (D:11)
  3 centaur zombies
  6 jellies
  12 orc priests
  Crazy Yiuf (D:7)
  A gnoll shaman (D:7)
  8 hounds
  14 orc wizards
  8 iguanas
  Jessica (D:2)
  3 centaur skeletons
  A bullfrog skeleton (D:11)
  6 hell rats (Lair:2)
  27 worker ants
  2 hound zombies
  A hound skeleton (D:9)
  2 worker ant zombies
  15 gnolls
  A howler monkey skeleton (D:7)
  19 river rats
  9 adders
  4 shadow imps
  An adder zombie (D:7)
  An adder skeleton (D:9)
  8 worms
  2 dart slugs
  7 leopard geckos
  101 orcs
  4 giant cockroaches
  5 goblins
  4 hobgoblins
  6 jackals
  24 kobolds
  11 quokkas
  2 ball pythons
  7 bats
  6 frilled lizards
  A jackal skeleton (D:5)
  A leopard gecko skeleton (D:7)
  2 quokka zombies
  23 rats
699 creatures vanquished.

Vanquished Creatures (collateral kills)
  2 vault guards (D:13)
  A death knight (D:15)
  3 two-headed ogres
  A tengu warrior (D:14)
  A skeletal warrior (D:10)
  A jumping spider (Lair:2)
  A wraith (D:15)
  An orc warrior (Orc:1)
  A necrophage (D:9)
  A jelly (D:13)
  A killer bee (D:8)
  An orc wizard (Orc:1)
  3 orcs
18 creatures vanquished.

Vanquished Creatures (others)
  4 dancing weapons
  4 fungi
  A plant (Lair:4)
9 creatures vanquished.

Grand Total: 726 creatures vanquished

Notes
Turn   | Place    | Note
-------+----------+-------------------------------------------
     0 | D:1      | grizmgrazm2 the Vampire Enchanter began the quest for the Orb.
     0 | D:1      | Reached XP level 1. HP: 13/13 MP: 3/3
     0 | D:1      | Upgraded the game from 0.21-a0-351-g38363bb to 0.21-a0-352-g5b8f553
   167 | D:1      | Reached XP level 2. HP: 15/19 MP: 0/5
   171 | D:1      | Learned a level 2 spell: Ensorcelled Hibernation
   388 | D:2      | Reached skill level 5 in Stealth
   532 | D:2      | Reached XP level 3. HP: 25/25 MP: 3/6
   754 | D:2      | Reached skill level 1 in Ice Magic
   758 | D:2      | Reached skill level 5 in Hexes
   760 | D:2      | Reached XP level 4. HP: 31/31 MP: 1/7
  1131 | D:2      | Noticed an ogre
  1137 | D:2      | Killed an ogre
  1137 | D:2      | Reached skill level 6 in Stealth
  1137 | D:2      | Reached XP level 5. HP: 36/36 MP: 3/9
  1212 | D:2      | Learned a level 3 spell: Confuse
  1310 | D:2      | Learned a level 3 spell: Tukima's Dance
  1352 | D:2      | Noticed Jessica
  1358 | D:2      | Killed Jessica
  1840 | D:1      | Reached skill level 7 in Stealth
  2215 | D:3      | Reached XP level 6. HP: 42/42 MP: 10/10
  3101 | D:3      | Reached skill level 8 in Stealth
  3401 | D:5      | Entered Level 5 of the Dungeon
  3432 | D:5      | Reached XP level 7. HP: 36/47 MP: 5/12
  3542 | D:6      | Reached skill level 9 in Stealth
  3545 | D:6      | Noticed a hippogriff
  3548 | D:6      | Killed a hippogriff
  3548 | D:6      | Reached skill level 1 in Fighting
  3631 | D:6      | Noticed a two-headed ogre
  3646 | D:6      | Killed a two-headed ogre
  3646 | D:6      | Reached skill level 11 in Stealth
  3646 | D:6      | Reached XP level 8. HP: 25/54 MP: 5/15
  3956 | D:6      | Reached skill level 5 in Spellcasting
  3994 | D:6      | Found a hazy altar of Hepliaklqana.
  4056 | D:6      | Found a bloodstained altar of Trog.
  4059 | D:6      | Found a snail-covered altar of Cheibriados.
  4060 | D:6      | Found a deep blue altar of Sif Muna.
  4162 | D:6      | Found Nezxirch's Magic Scroll Emporium.
  4165 | D:6      | Bought a scroll of remove curse for 39 gold pieces
  4165 | D:6      | Bought a scroll of magic mapping for 45 gold pieces
  4165 | D:6      | Bought a scroll of amnesia for 45 gold pieces
  4165 | D:6      | Bought a scroll of identify for 26 gold pieces
  4477 | D:7      | Found an ancient bone altar of Kikubaaqudgha.
  4505 | D:7      | Found a runed door.
  4509 | D:7      | Noticed Crazy Yiuf
  4518 | D:7      | Killed Crazy Yiuf
  4599 | D:7      | Noticed a hippogriff
  4605 | D:7      | Killed a hippogriff
  4605 | D:7      | Reached skill level 12 in Stealth
  4605 | D:7      | Reached XP level 9. HP: 59/59 MP: 16/16
  5396 | D:5      | Reached skill level 13 in Stealth
  5608 | D:6      | Bought a scroll of teleportation for 39 gold pieces
  5652 | D:7      | You fall through a shaft for 2 floors!
  5761 | D:7      | Found a glowing silver altar of Zin.
  6074 | D:7      | Found a sparkling altar of Nemelex Xobeh.
  6217 | D:7      | Reached skill level 14 in Stealth
  6221 | D:7      | Reached XP level 10. HP: 67/67 MP: 17/19
  6274 | D:7      | Found a staircase to the Ecumenical Temple.
  6280 | Temple   | Entered the Ecumenical Temple
  6336 | Temple   | Became a worshipper of Ashenzari the Shackled
  7080 | D:8      | Noticed Maurice
  7086 | D:8      | Killed Maurice
  7141 | D:8      | Reached skill level 5 in Short Blades
  7454 | D:8      | Reached skill level 10 in Hexes
  7559 | D:8      | Reached skill level 15 in Stealth
  7713 | D:9      | Noticed a two-headed ogre
  7719 | D:9      | Killed a two-headed ogre
  7916 | D:9      | Learned a level 5 spell: Metabolic Englaciation
  8476 | D:9      | Reached * piety under Ashenzari
  8673 | D:10     | Entered Level 10 of the Dungeon
  8704 | D:10     | Noticed a two-headed ogre
  8709 | D:10     | Reached skill level 1 in Shields
  8727 | D:10     | Killed a two-headed ogre
  8727 | D:10     | Reached XP level 11. HP: 70/73 MP: 3/21
  9131 | D:10     | Found a staircase to the Lair.
  9181 | D:10     | Reached skill level 16 in Stealth
  9379 | D:10     | Reached skill level 5 in Ice Magic
 10183 | Lair:1   | Entered Level 1 of the Lair of Beasts
 10279 | Lair:1   | Reached ** piety under Ashenzari
 10387 | Lair:1   | Noticed zero's ghost (journeyman GrBe)
 10409 | Lair:1   | Killed zero's ghost
 10687 | Lair:2   | Noticed a six-headed hydra
 10700 | Lair:2   | HP: 1/74 [six-headed hydra (17)]
 11645 | Lair:2   | Learned a level 5 spell: Yara's Violent Unravelling
 11650 | Lair:2   | Learned a level 4 spell: Petrify
 11773 | Lair:2   | Killed a six-headed hydra
 11818 | Lair:2   | Reached skill level 17 in Stealth
 12075 | Lair:2   | Found a hole to the Spider Nest.
 12777 | Lair:2   | Reached XP level 12. HP: 81/81 MP: 21/24
 13080 | Lair:3   | Reached skill level 5 in Dodging
 13241 | Lair:3   | Reached *** piety under Ashenzari
 13623 | Lair:4   | Reached skill level 18 in Stealth
 13673 | Lair:4   | Found a staircase to the Swamp.
 14196 | Lair:4   | Noticed a queen ant
 14414 | Lair:4   | Killed a queen ant
 14493 | Lair:4   | Noticed an entropy weaver
 14496 | Lair:4   | Noticed an entropy weaver
 14503 | Lair:4   | Killed an entropy weaver
 14858 | D:11     | Noticed a two-headed ogre
 14867 | D:11     | Killed a two-headed ogre
 15671 | D:10     | Reached skill level 19 in Stealth
 17589 | D:11     | Noticed Psyche
 17594 | D:11     | Killed Psyche
 17897 | D:11     | Reached XP level 13. HP: 77/87 MP: 8/26
 18892 | D:12     | Found a staircase to the Orcish Mines.
 19695 | Lair:4   | Reached skill level 10 in Spellcasting
 19889 | Lair:4   | Killed an entropy weaver
 20169 | Lair:4   | Reached skill level 20 in Stealth
 20452 | Lair:5   | Reached **** piety under Ashenzari
 20628 | Lair:5   | Noticed Snorg
 20633 | Lair:5   | Killed Snorg
 20633 | Lair:5   | Reached skill level 15 in Hexes
 20637 | Lair:6   | Entered Level 6 of the Lair of Beasts
 21784 | Lair:5   | Found a staircase to the Slime Pits.
 22872 | Orc:1    | Entered Level 1 of the Orcish Mines
 23235 | D:13     | Found a flagged portal.
 23257 | Bailey   | Entered a bailey
 25326 | D:12     | Reached XP level 14. HP: 95/95 MP: 15/28
 26157 | D:13     | Found a gate to the Vaults.
 26439 | D:14     | Reached ***** piety under Ashenzari
 26815 | D:14     | Reached skill level 21 in Stealth
 26925 | D:14     | Learned a level 4 spell: Animate Dead
 26930 | D:14     | Learned a level 4 spell: Control Undead
 26995 | D:14     | Reached skill level 1 in Necromancy
 27071 | D:14     | Reduced skill Shields to level 1
 27329 | D:15     | Entered Level 15 of the Dungeon
 28151 | D:15     | Found a staircase to the Depths.
 29251 | D:15     | Noticed a frost giant
 29258 | D:15     | Killed a frost giant
 30217 | Orc:1    | Found Aheot's Quality Used Wands.
 30414 | Orc:1    | Found Egoek's Magic Scroll Boutique.
 30429 | Orc:1    | Bought a scroll of identify for 28 gold pieces
 30429 | Orc:1    | Bought 2 scrolls of remove curse for 84 gold pieces
 30429 | Orc:1    | Bought a scroll of identify for 28 gold pieces
 30434 | Orc:1    | Learned a level 3 spell: Recall
 30527 | Orc:2    | Entered Level 2 of the Orcish Mines
 30542 | Orc:2    | Found a staircase to the Elven Halls.
 30568 | Orc:2    | Noticed kal9871's ghost (journeyman MiMo)
 30949 | Orc:2    | HP: 3/96 [orc warrior/halberd (18)]
 30949 | Orc:2    | Slain by a warg

Vault maps used:
D:1:      matt_arrival_spirals
D:2:      uniq_jessica
D:3:      first_bread
D:4:      demons_altar, st_stairs_12, nemelex_diamond_rough_becter
D:6:      minitemple, lemuel_coloured_pillars_altar, portal_sewer_entry_e,
          serial_shops, nicolae_shop_behind_doors
D:7:      nemelex_altar_shiori, zin_scriptorium, kennysheep_little_box,
          minmay_temple_entry_fiery, uniq_crazy_yiuf_cottage
D:8:      uniq_maurice
D:9:      minmay_the_grid_octo_tiled_squarecenter
D:10:     erik_lair_island
D:11:     uniq_psyche
D:12:     hiddenorc2_lemuel
D:13:     grunt_vaults_entry_tiered, enter_bailey_7
D:14:     hangedman_decor_diamond_cutter, hangedman_stone_soup
D:15:     hangedman_depths_entry_try_elsewhere_first, corexii_corridor_pit,
          minmay_three_doors
Temple:   jpeg_temple_clearing
Lair:2:   lemuel_ratsnest, spider_nest_entry_funnel_web, patterned_corridor
Lair:3:   grunt_megastairs_1, minmay_lair_oklob_chamber
Lair:4:   nicolae_swamp_entry_splash_gauntlet, zaba_antful_of_joy
Lair:5:   cheibrodos_magma_flow, dpeg_slime_entry_corner, lemuel_fruit_fields,
          uniq_snorg
Lair:6:   grunt_lair_end_beastmaster, basic_altar
Orc:1:    serial_shops, nicolae_shop_stone, nicolae_for_you_no_charge
Orc:2:    st_orc_town, nicolae_orc_rockfall, uniq_sonja
Bailey:   bailey_polearm_flooded_kennysheep, bailey

Skill      XL: |  1  2  3  4  5  6  7  8  9 10 11 12 13 14 |
---------------+-------------------------------------------+-----
Stealth        | 5 6 7 8 11 12 14 15 17 19 20 21 | 21.6
Ice Magic      | 1 2 3 4 5 6 7 |  7.9
Hexes          | 5 6 7 8 9 11 12 14 15 16 | 16.5
Spellcasting   | 3 4 5 6 7 8 9 10 11 | 11.9
Short Blades   | 2 3 4 5 6 7 |  7.8
Fighting       | 1 2 3 4 |  4.5
Dodging        | 3 4 5 6 |  6.1
Shields        | 1 2 0 |  0.0
Necromancy     | 3 |  3.3

Action                   |  1- 3 |  4- 6 |  7- 9 | 10-12 | 13-15 || total
-------------------------+-------+-------+-------+-------+-------++-------
Melee: Dagger            |    56 |    91 |   144 |   530 |   562 ||  1383
       Bite              |     2 |     4 |     6 |    41 |    51 ||   104
 Cast: Corona            |    10 |     1 |       |     2 |       ||    13
       Ensorcelled Hiber |    14 |    28 |    36 |   189 |   212 ||   479
       Confuse           |       |     3 |    24 |    77 |   143 ||   247
       Tukima's Dance    |       |       |     2 |    21 |    15 ||    38
       Metabolic Englaci |       |       |       |     3 |       ||     3
       Yara's Violent Un |       |       |       |     1 |       ||     1
       Petrify           |       |       |       |       |     1 ||     1
       Animate Dead      |       |       |       |       |     9 ||     9
       Control Undead    |       |       |       |       |     2 ||     2
Invok: Curse Item        |       |       |       |     4 |     6 ||    10
       Transfer Knowledg |       |       |       |       |     1 ||     1
 Abil: End Transformatio |       |       |     1 |     3 |     3 ||     7
       Bat Form          |       |       |     1 |     3 |     3 ||     7
Evoke: Wand              |       |       |       |     1 |       ||     1
  Use: Potion            |       |     1 |     3 |    30 |    13 ||    47
       Scroll            |       |       |     9 |    25 |    13 ||    47
 Stab: Sleeping          |    18 |    40 |    58 |   163 |   170 ||   449
       Confused          |       |     3 |    11 |    27 |    42 ||    83
       Distracted        |       |       |       |     1 |     6 ||     7
Armor: Robe              |    10 |     6 |    16 |   137 |    13 ||   182
       Steam dragon scal |       |       |       |       |   127 ||   127
Dodge: Dodged            |    30 |    46 |    58 |   307 |   351 ||   792
Block: Buckler           |       |       |       |   103 |   106 ||   209

Table legend:
 A = Spawn XP
 B = Non-spawn XP
 C = Spawn XP percentage of total XP
 D = Spawn monster count
 E = Non-spawn monster count
 F = Spawn count percentage of total count
 G = Total turns spent on level
                    A         B        C        D         E        F      G
               +---------+---------+-------+---------+---------+-------+---------
         Total |       0 |   98284 |   0.0 |       0 |     716 |   0.0 | 30949
               +---------+---------+-------+---------+---------+-------+---------
           D:1 |       0 |      40 |   0.0 |       0 |      26 |   0.0 |  1036
           D:2 |       0 |     271 |   0.0 |       0 |      21 |   0.0 |  1204
           D:3 |       0 |     287 |   0.0 |       0 |      23 |   0.0 |  1098
           D:4 |       0 |     110 |   0.0 |       0 |       3 |   0.0 |    63
           D:5 |       0 |     916 |   0.0 |       0 |      30 |   0.0 |   812
           D:6 |       0 |    1733 |   0.0 |       0 |      18 |   0.0 |  1161
           D:7 |       0 |    2019 |   0.0 |       0 |      28 |   0.0 |   991
           D:8 |       0 |    2653 |   0.0 |       0 |      33 |   0.0 |  1139
           D:9 |       0 |    2360 |   0.0 |       0 |      40 |   0.0 |  1086
          D:10 |       0 |    6758 |   0.0 |       0 |      50 |   0.0 |  2865
          D:11 |       0 |    4919 |   0.0 |       0 |      39 |   0.0 |  2095
          D:12 |       0 |   12826 |   0.0 |       0 |      75 |   0.0 |  2403
          D:13 |       0 |    8714 |   0.0 |       0 |      47 |   0.0 |  1459
          D:14 |       0 |    9822 |   0.0 |       0 |      21 |   0.0 |  1278
          D:15 |       0 |   12051 |   0.0 |       0 |      30 |   0.0 |  1847
        Lair:1 |       0 |    1445 |   0.0 |       0 |       5 |   0.0 |  1203
        Lair:2 |       0 |    5062 |   0.0 |       0 |      56 |   0.0 |  1513
        Lair:3 |       0 |    3442 |   0.0 |       0 |      15 |   0.0 |  1388
        Lair:4 |       0 |   12048 |   0.0 |       0 |      54 |   0.0 |  1793
        Lair:5 |       0 |    4373 |   0.0 |       0 |      16 |   0.0 |  1884
        Lair:6 |       0 |     621 |   0.0 |       0 |       3 |   0.0 |    67
         Orc:1 |       0 |    3234 |   0.0 |       0 |      41 |   0.0 |  1218
         Orc:2 |       0 |     295 |   0.0 |       0 |       3 |   0.0 |    49
        Bailey |       0 |    2285 |   0.0 |       0 |      39 |   0.0 |  1214
               +---------+---------+-------+---------+---------+-------+---------
